Map: King Sejong Station LE

Players

Bails - Winner!

  • Race: Protoss Protoss
  • League: Grandmaster

True

  • Race: Zerg Zerg
  • League: Grandmaster

Event: Cheesadelphia Summer 2016

VOD

https://www.youtube.com/watch?v=Suc8ZIC6eL4

Description

Time

  • Played on: July 24, 2016, 5:33 p.m.
  • Length: 15:10

All games in this series

Show
View Real Time Build Order
Export as new Build Order

Bails Protoss - Winner!

Build Orders:  

Get SALT Encoding   

  12  0:00  Probe (Chrono Boost)  
  13  0:11  Probe (Chrono Boost)  
  14  0:18  Pylon  
  14  0:22  Probe (Chrono Boost)  
  15  0:37  Probe (Chrono Boost)  
  15  0:39  Gateway  
  16  0:47  Probe (Chrono Boost)  
  16  0:49  Assimilator  
  17  0:57  Pylon  
  17  1:00  Probe (Chrono Boost)  
  18  1:08  Pylon  
  19  1:11  Probe (Chrono Boost)  
  19  1:22  Probe (Chrono Boost)  
  19  1:23  Zealot  
  22  1:39  Probe (Chrono Boost)  
  23  1:58  Cybernetics Core  
  23  2:19  Nexus  
  23  2:22  Nexus  
  23  2:29  Cybernetics Core  
  23  2:30  Zealot  
  25  2:40  Pylon  
  25  2:49  Assimilator  
  25  2:58  Probe (Chrono Boost)  
  25  3:04  Pylon  
  25  3:05  Adept  
  28  3:08  Warp Gate  
  28  3:09  Probe (Chrono Boost)  
  30  3:20  Probe (Chrono Boost)  
  30  3:23  Stargate  
  30  3:30  Probe (Chrono Boost)  
  33  3:34  Mothership Core (Chrono Boost)  
  33  3:40  Pylon  
  33  3:41  Probe (Chrono Boost)  
  34  3:51  Probe (Chrono Boost)  
  34  3:52  Sentry  
  34  3:53  Probe (Chrono Boost)  
  38  4:02  Probe (Chrono Boost)  
  39  4:04  Probe (Chrono Boost)  
  39  4:06  Phoenix  
  42  4:14  Probe (Chrono Boost)  
  42  4:15  Probe (Chrono Boost)  
  44  4:21  Assimilator  
  44  4:25  Probe (Chrono Boost)  
  44  4:26  Probe (Chrono Boost)  
  44  4:28  Gateway, Phoenix  
  46  4:36  Probe (Chrono Boost)  
  49  4:40  Gateway  
  49  4:44  Probe (Chrono Boost)  
  50  4:46  Probe (Chrono Boost)  
  50  4:50  Phoenix  
  51  4:56  Probe (Chrono Boost)  
  51  4:57  Pylon  
  51  4:58  Probe (Chrono Boost)  
  56  5:08  Probe (Chrono Boost)  
  56  5:09  Probe (Chrono Boost)  
  56  5:14  Adept, Pylon  
  59  5:16  Phoenix  
  59  5:19  Probe (Chrono Boost)  
  59  5:20  Probe (Chrono Boost)  
  63  5:23  Sentry  
  63  5:26  Assimilator  
  65  5:30  Probe (Chrono Boost)  
  65  5:32  Probe (Chrono Boost)  
  67  5:40  Probe (Chrono Boost)  
  67  5:50  Nexus  
  67  5:52  Probe (Chrono Boost)  
  67  5:53  Probe (Chrono Boost)  
  67  5:54  Twilight Council  
  69  5:59  Sentry x2  
  69  6:03  Probe (Chrono Boost)  
  74  6:04  Probe (Chrono Boost)  
  74  6:08  Pylon  
  74  6:14  Probe (Chrono Boost)  
  74  6:16  Probe (Chrono Boost)  
  76  6:21  Blink  
  76  6:23  Forge  
  76  6:25  Probe (Chrono Boost)  
  77  6:28  Sentry x3  
  77  6:29  Probe (Chrono Boost), Pylon x2  
  84  6:36  Probe (Chrono Boost)  
  85  6:44  Probe (Chrono Boost), Pylon  
  86  6:51  Robotics Facility  
  86  6:57  Protoss Ground Weapons Level 1, Gateway  
  86  6:58  Gateway  
  86  6:59  Probe (Chrono Boost)  
  86  7:00  Probe (Chrono Boost)  
  88  7:06  Probe (Chrono Boost)  
  89  7:11  Probe (Chrono Boost)  
  89  7:12  Probe (Chrono Boost)  
  89  7:15  Gateway  
  89  7:17  Probe (Chrono Boost)  
  89  7:18  Pylon  
  89  7:19  Sentry  
  92  7:22  Photon Cannon  
  92  7:27  Photon Cannon  
  92  7:28  Stalker  
  92  7:29  Sentry  
  96  7:32  Probe x2 (Chrono Boost)  
  96  7:34  Assimilator  
  99  7:37  Probe (Chrono Boost), Observer, Assimilator  
  99  7:44  Probe (Chrono Boost)  
  101  7:47  Robotics Bay  
  101  7:48  Probe (Chrono Boost)  
  101  7:49  Probe (Chrono Boost)  
  103  7:51  Adept, Photon Cannon  
  103  7:58  Sentry  
  107  8:00  Probe (Chrono Boost)  
  107  8:03  Pylon  
  107  8:13  Probe (Chrono Boost)  
  107  8:16  Immortal  
  107  8:17  Probe (Chrono Boost)  
  108  8:20  Stalker x4  
  108  8:23  Pylon  
  121  8:27  Probe (Chrono Boost)  
  121  8:30  Pylon  
  121  8:31  Stalker x2  
  125  8:50  Disruptor  
  125  8:51  Stalker x2  
  125  8:52  Stalker x2  
  136  8:56  Robotics Facility  
  136  8:58  Photon Cannon  
  134  9:05  Photon Cannon  
  134  9:06  Photon Cannon, Pylon  
  134  9:08  Protoss Ground Weapons Level 2  
  134  9:09  Stalker x2  
  138  9:12  Probe (Chrono Boost)  
  138  9:16  Probe (Chrono Boost)  
  127  9:17  Probe (Chrono Boost)  
  128  9:24  Probe (Chrono Boost)  
  128  9:26  Disruptor  
  128  9:28  Probe (Chrono Boost)  
  128  9:29  Probe (Chrono Boost)  
  133  9:41  Adept x3  
  133  9:43  Sentry  
  141  9:50  Probe x3 (Chrono Boost)  
  144  9:57  Disruptor  
  147  10:02  Probe (Chrono Boost)  
  149  10:08  Probe (Chrono Boost)  
  149  10:10  Photon Cannon  
  149  10:12  Stalker  
  149  10:13  Stalker x2  
  155  10:15  Pylon  
  155  10:24  Stalker x3  
  149  10:29  Probe (Chrono Boost)  
  149  10:33  Disruptor  
  144  10:38  Stalker x2, Pylon  
  148  10:51  Stalker x3  
  148  10:56  Stalker  
  156  11:00  Disruptor  
  156  11:09  Observer  
  160  11:12  Sentry  
  162  11:24  Adept x4  
  162  11:32  Gateway  
  154  11:33  Disruptor, Pylon  
  157  11:40  Adept x2  
  157  11:43  Phoenix  
  156  11:49  Adept x4  
  156  12:04  Probe (Chrono Boost)  
  156  12:05  Phoenix  
  158  12:26  Phoenix  
  157  12:31  Stalker x2  
  157  12:32  Mothership Core (Chrono Boost), Stalker x3  
  157  12:34  Photon Cannon x2  
  141  12:48  Phoenix  
  141  12:50  Stalker  
  127  13:10  Phoenix  
  127  13:16  Adept x2  
  127  13:17  Adept  
  133  13:31  Probe x2 (Chrono Boost), Phoenix  
  133  13:32  Probe (Chrono Boost)  
  130  13:43  Probe (Chrono Boost), Stalker  
  130  13:44  Stalker x3  
  132  13:57  Adept  
  130  14:07  Adept x2  
  131  14:12  Adept  
  127  14:19  Adept  
  115  14:26  Probe (Chrono Boost)  
  115  14:34  Probe x2 (Chrono Boost)  
  115  14:37  Sentry  
  115  14:38  Sentry  
  121  14:46  Sentry  
  121  14:50  Probe (Chrono Boost)  
  121  14:52  Probe (Chrono Boost)  
  123  14:59  Sentry  
Show
View Real Time Build Order
Export as new Build Order

True Zerg 

Build Orders: Pool First, Lurkers 

Get SALT Encoding   

  12  0:00  Drone  
  13  0:08  Drone  
  14  0:16  Overlord  
  14  0:22  Extractor, Drone  
  15  0:35  Drone x2  
  17  0:59  Drone  
  17  1:01  Drone  
  17  1:03  Spawning Pool  
  18  1:25  Hatchery  
  18  1:28  Drone  
  18  1:29  Overlord  
  18  1:42  Extractor  
  17  1:50  Zergling x6  
  17  1:53  Evolution Chamber  
  20  2:00  Queen  
  22  2:23  Hatchery, Drone x3  
  24  2:45  Drone, Metabolic Boost  
  24  2:46  Drone  
  26  2:58  Hatchery  
  26  3:05  Overlord  
  25  3:09  Drone  
  25  3:10  Drone  
  27  3:18  Queen  
  29  3:22  Drone  
  29  3:24  Drone  
  31  3:27  Drone  
  31  3:32  Drone  
  33  3:35  Drone  
  34  3:42  Drone x3  
  37  3:50  Drone, Overlord  
  38  3:57  Queen  
  38  4:01  Overlord  
  40  4:04  Drone  
  40  4:09  Drone x2  
  43  4:12  Queen  
  43  4:15  Drone  
  46  4:18  Drone x2  
  46  4:21  Drone  
  46  4:22  Drone  
  50  4:28  Queen  
  50  4:31  Overlord  
  52  4:33  Drone  
  52  4:34  Drone  
  52  4:38  Overlord  
  54  4:42  Overlord  
  54  4:44  Overlord  
  54  4:46  Drone  
  54  4:47  Drone  
  54  4:48  Drone  
  54  4:50  Drone  
  54  4:52  Drone  
  59  4:54  Drone  
  59  4:56  Drone x2  
  59  4:57  Drone  
  63  5:01  Queen  
  63  5:04  Drone x2  
  63  5:05  Drone  
  68  5:09  Queen  
  68  5:12  Queen  
  72  5:18  Drone x3  
  72  5:20  Extractor  
  74  5:22  Evolution Chamber, Overlord  
  74  5:23  Drone  
  74  5:28  Drone  
  74  5:29  Drone  
  74  5:31  Overlord  
  74  5:32  Drone  
  74  5:34  Drone  
  78  5:36  Drone  
  78  5:37  Drone x3  
  78  5:39  Overlord  
  82  5:45  Drone  
  82  5:46  Extractor  
  82  5:54  Zerg Melee Weapons Level 1  
  82  5:59  Overlord  
  82  6:02  Hatchery  
  81  6:05  Zergling x2  
  81  6:06  Zergling x12  
  81  6:07  Queen  
  81  6:09  Queen  
  81  6:10  Queen  
  93  6:12  Overlord  
  93  6:16  Overlord  
  89  6:20  Overlord  
  89  6:21  Drone  
  89  6:22  Drone  
  89  6:23  Overlord  
  89  6:24  Zergling x2  
  89  6:25  Drone x2  
  94  6:26  Overlord  
  94  6:27  Extractor  
  94  6:28  Overlord  
  94  6:31  Drone x3  
  94  6:32  Spore Crawler  
  95  6:35  Drone  
  95  6:37  Drone x2  
  96  6:42  Drone  
  98  6:47  Lair, Zergling x6  
  98  6:51  Pneumatized Carapace  
  98  6:53  Baneling Nest  
  99  6:54  Overlord  
  99  7:01  Overlord  
  99  7:03  Zergling x14  
  106  7:09  Zergling x6  
  106  7:15  Zergling x4  
  111  7:18  Overlord  
  111  7:19  Drone  
  111  7:20  Queen, Zergling x4  
  111  7:21  Zergling x2  
  117  7:25  Hatchery  
  117  7:27  Zergling x8  
  117  7:29  Zergling x2  
  121  7:30  Zergling x6  
  121  7:31  Zergling x4  
  121  7:36  Overlord  
  126  7:41  Overlord  
  126  7:42  Zergling x4  
  128  7:44  Zergling x6  
  128  7:46  Centrifical Hooks  
  128  7:47  Overlord  
  128  7:48  Zerg Melee Weapons Level 2  
  131  7:52  Hydralisk Den  
  131  7:53  Zergling x4  
  131  7:55  Baneling x5  
  131  7:56  Baneling x2  
  131  7:57  Baneling x2  
  131  7:58  Baneling  
  132  8:02  Baneling x3  
  132  8:05  Zergling x8  
  135  8:09  Zergling x2  
  135  8:10  Zergling x4  
  135  8:11  Zergling x2  
  138  8:13  Zergling x6  
  138  8:14  Zergling x2  
  138  8:15  Zergling x4  
  140  8:21  Zergling x10  
  140  8:24  Zergling x4  
  147  8:31  Zergling x14  
  154  8:36  Zergling x4  
  154  8:43  Zergling x10  
  154  8:44  Drone  
  154  8:52  Lurker Den  
  154  8:55  Zergling x12  
  155  8:56  Zergling x4  
  155  8:59  Drone x2  
  162  9:06  Overlord  
  161  9:12  Overlord  
  161  9:13  Hatchery  
  157  9:17  Overlord  
  157  9:19  Hydralisk  
  157  9:20  Hydralisk x5  
  157  9:21  Zergling x2  
  169  9:27  Baneling  
  169  9:28  Baneling x3  
  169  9:31  Hydralisk x2  
  169  9:32  Drone x2  
  173  9:41  Zergling x20  
  180  9:48  Baneling x2  
  180  9:54  Spire  
  180  9:56  Overlord  
  177  10:01  Drone  
  177  10:02  Drone x3  
  177  10:06  Extractor  
  180  10:10  Drone x2  
  180  10:11  Drone x2  
  180  10:12  Extractor, Drone x3  
  151  10:39  Hydralisk  
  151  10:40  Lurker x7  
  151  10:41  Zergling x2  
  151  10:42  Zergling x30  
  174  10:45  Extractor  
  174  10:46  Extractor, Drone  
  174  10:47  Drone x2  
  174  10:48  Drone  
  174  10:49  Drone, Extractor  
  176  10:50  Lurker, Extractor  
  176  10:55  Zergling x2  
  177  10:57  Zergling x4  
  177  11:00  Zergling x2  
  177  11:01  Zergling x4  
  177  11:02  Hatchery, Zergling x2  
  175  11:05  Zergling x4  
  175  11:06  Zergling x2  
  175  11:11  Zergling x2  
  150  11:20  Mutalisk  
  150  11:21  Mutalisk x3  
  150  11:22  Mutalisk x2  
  150  11:23  Mutalisk  
  140  11:31  Mutalisk  
  141  11:35  Mutalisk  
  140  11:41  Mutalisk  
  140  11:44  Mutalisk  
  126  11:48  Mutalisk  
  126  11:50  Mutalisk  
  126  11:54  Mutalisk  
  123  12:00  Zergling x24  
  132  12:02  Zergling x2  
  132  12:03  Zergling x6  
  132  12:11  Mutalisk  
  132  12:12  Mutalisk  
  132  12:13  Zergling x10  
  132  12:15  Zergling x4  
  133  12:20  Zergling x4  
  133  12:21  Zergling x2  
  133  12:22  Hatchery  
  123  12:32  Zergling x2  
  123  12:33  Zergling x8  
  123  12:36  Zergling x4  
  123  12:37  Zergling x2  
  128  12:43  Zergling x2  
  117  12:46  Zergling x6  
  117  12:47  Zergling x6  
  117  12:48  Zergling x2  
  117  12:49  Zergling x4  
  110  12:56  Zergling x2  
  110  12:57  Zergling x4  
  110  12:58  Zergling x2  
  102  13:07  Zergling x6  
  104  13:18  Spawning Pool  
  104  13:19  Overlord x5  
  67  14:08  Zergling x30  
  78  14:11  Zergling x2  
  78  14:14  Baneling Nest  
  78  14:15  Zergling x2  
  78  14:16  Zergling x4  
  77  14:23  Zergling x2  
  75  14:25  Zergling x2  
  75  14:27  Queen  
  75  14:28  Zergling x2  
  66  14:31  Hatchery  
Tags
 
Add a new tag
Caveats
  • Supply blocks, unpowered buildings, or Contaminate may cause inaccurate times.
  • Supply counts are checked every 10 seconds.